Unix NetHack Version 5.0.0-0 post-release - last build May 31 2026 23:59:36 (970b52f25bf058293b47ddfd14a1e40e571c508c,branch:main).

Game began 2026-06-02 22:04:13, ended 2026-06-02 22:19:03.

IanCurtis, chaotic male elven Wizard

                                 -----
          -------            ####..^.|
          |.....|           ##   |...|
          |.....|           #    +<...
          |......#          #    |...|
         #......|##         #    |...|
         #------- #         #    ---.-
         #        ####      ##
         #        #  [  +   #
         #           #######`
         #              #
         #
         #              .
         #              .
         #              .
 --------#              >
 |(!!(]@a(             ---
 |?!?[@f|
 --------

IanCurtis the Conjurer    St:12 Dx:13 Co:15 In:16 Wi:9 Ch:16  Chaotic
Dlvl:7  $:1683 HP:0(36) Pw:13(55) AC:9  Xp:5 T:3321 

Latest messages:
 You hear a jackal howling at the moon.
 The kitten bites the Woodland-elf.
 The Woodland-elf wields an elven broadsword!
 The elven broadsword welds itself to the Woodland-elf's hand!
 The kitten bites the Woodland-elf.
 The Woodland-elf swings her elven broadsword at the kitten.
 The Woodland-elf misses the kitten.
 The kitten bites the Woodland-elf.
 The Woodland-elf swings her elven broadsword at the kitten.
 The Woodland-elf misses the kitten.
 The kitten bites the Woodland-elf.
 The Woodland-elf swings her elven broadsword at the kitten.
 The Woodland-elf hits the kitten.
 You hear a jackal howling at the moon.
 "Hello, IanCurtis!  Welcome to Upernavik's general store!"
 "Will you please leave your pick-axe outside?"
 You stop.  Your kitten is in the way!
 You swap places with your kitten.
 What do you want to drop? [$a-gi-ort-zB-DFJM-PU-W or ?*] d
 You drop a pick-axe.
 Your kitten eats a tripe ration.
 "Hello, IanCurtis!  Welcome again to Upernavik's general store!"
 You hear a jackal howling at the moon.
 Please move the cursor to a monster, object or location.
 (For instructions type a '?')
 You stop.  Your kitten is in the way!
 You see here a pick-axe.
 "Hello, IanCurtis!  Welcome again to Upernavik's general store!"
 You stop.  Your kitten is in the way!
 You stop.  Your kitten is in the way!
 You stop.  Your kitten is in the way!
 You stop.  Your kitten is in the way!
 You stop.  Your kitten is in the way!
 You stop.  Your kitten is in the way!
 You stop.  Your kitten is in the way!
 You stop.  Your kitten is in the way!
 You miss the giant beetle.
 The giant beetle bites!
 In what direction? l
 The spell misses the giant beetle.
 The giant beetle bites!
 In what direction? l
 The spell misses the giant beetle.
 The giant beetle bites!
 You don't have enough energy to cast that spell.
 You miss the giant beetle.
 The giant beetle bites!
 You die...
 Upernavik gratefully inherits all your possessions.
 Do you want to see what you had when you died? [ynq] (y) q

Inventory:
 Coins    ('$')
  $ - 1683 gold pieces
 Amulets  ('"')
  y - an uncursed amulet of ESP
 Weapons  (')')
  a - a blessed +1 quarterstaff (weapon in hands)
 Armor    ('[')
  b - an uncursed +0 cloak of magic resistance (being worn)
 Comestibles  ('%')
  J - an uncursed food ration
  C - 2 uncursed lembas wafers
  r - a cursed tripe ration
 Scrolls  ('?')
  V - an uncursed scroll of blank paper
  N - 2 cursed scrolls of blank paper
  O - an uncursed scroll of enchant armor
  W - an uncursed scroll of genocide
  j - a blessed scroll of identify
  P - 2 uncursed scrolls of identify
  i - 2 uncursed scrolls of light
  t - an uncursed scroll of remove curse
  v - an uncursed scroll of scare monster named frighten monster
  x - an uncursed scroll of scare monster
 Spellbooks  ('+')
  M - an uncursed spellbook of cure blindness
  k - a blessed spellbook of force bolt
  l - an uncursed spellbook of sleep
 Potions  ('!')
  f - an uncursed potion of gain energy
  U - a blessed potion of healing
  D - a blessed potion of paralysis
  g - an uncursed potion of restore ability
  u - an uncursed potion of see invisible
  B - an uncursed potion of water
 Rings    ('=')
  e - an uncursed ring of free action
  F - an uncursed ring of searching
 Wands    ('/')
  c - a wand of magic missile (0:6)
 Tools    ('(')
  o - an uncursed bugle
  n - an uncursed blindfold
  z - an uncursed blindfold
  w - an expensive camera (0:61)
  m - a magic marker (0:19)

IanCurtis the Wizard's attributes:

Background:
 You were a Conjurer, a level 5 male elven Wizard.
 You were chaotic, nominally on a mission for Anhur
 who was opposed by Ptah (lawful) and Thoth (neutral).
 You were right-handed.
 You were in the Dungeons of Doom, on level 7.
 You entered the dungeon 3321 turns ago.
 It was nighttime.
 There was a full moon in effect when your adventure ended.
 You had 291 experience points, 29 more were needed to attain level 6.

Basics:
 You had 0 out of 36 hit points.
 You had 13 out of 55 energy points (spell power).
 Your armor class was 9.
 Your wallet contained 1683 zorkmids.
 Autopickup was off.

Final Characteristics:
 Your strength was 12 (limit:18).
 Your dexterity was 13 (limit:18).
 Your constitution was 15 (limit:16).
 Your intelligence was 16 (limit:20).
 Your wisdom was 9 (limit:20).
 Your charisma was 16 (limit:18).

Final Status:
 You weren't hungry.
 You were unencumbered.
 You were wielding a quarterstaff.
 You had basic skill with quarterstaff.

Final Attributes:
 You were piously aligned.
 You were magic-protected.
 You were sleep resistant.
 You had infravision.
 You were warded.
 You were lucky.
 You are dead.

Miscellaneous:
 You didn't encounter any bones levels.
 Total elapsed playing time was 14 minutes and 50 seconds.

Major events:
 Turn
    1: IanCurtis the chaotic male elven Wizard entered the dungeon
  950: attained the rank of Conjurer (level 3)
  986: entered the Gnomish Mines
 1053: read a Discworld novel
 3321: killed by a giant beetle

Spells:
 Name                 Level Category     Fail Retention
 force bolt             1   attack         0%   81%-90%
 sleep                  3   enchantment    0%   81%-90%
 cure blindness         2   healing       59%  76%-100%

Skills:
 Fighting Skills
   bare handed combat [Unskilled]
   riding             [Unskilled]
 Weapon Skills
   dagger             [Unskilled]
   knife              [Unskilled]
   axe                [Unskilled]
   short sword        [Unskilled]
   club               [Unskilled]
   mace               [Unskilled]
   quarterstaff       [Basic]
   polearms           [Unskilled]
   spear              [Unskilled]
   trident            [Unskilled]
   sling              [Unskilled]
   dart               [Unskilled]
   shuriken           [Unskilled]
 Spellcasting Skills
   attack spells      [Basic]
   healing spells     [Unskilled]
   divination spells  [Unskilled]
   enchantment spells [Basic]
   clerical spells    [Unskilled]
   escape spells      [Unskilled]
   matter spells      [Unskilled]

Voluntary challenges:
 Character rerolling was not enabled.
 You were an atheist.
 You never genocided any monsters.
 You never polymorphed an object.
 You never changed form.
 You used no wishes.
Achievements:
 You attained the rank of Conjurer.
 You entered the Gnomish Mines.
 You entered a shop.
 You read from a Discworld novel.

 The Dungeons of Doom: levels 1 to 7
    Level 1:
       A fountain.
    Level 2:
    Level 3: "vault"
       A scroll shop.
       Stairs down to The Gnomish Mines.
    Level 4: "vault"
       A fountain, a sink.
    Level 5:
       A grave.
    Level 6:
       A fountain.
    Level 7: <- You were here.
       A general store.
       Final resting place for
          you, killed by a giant beetle.
 The Gnomish Mines:
    Level 4:


Vanquished creatures:
  a quivering blob
  a wood nymph
  3 rock piercers
  3 rock moles
  a violet fungus
  2 paper golems
  a giant ant
  a little dog
  2 dwarves
  a homunculus
  2 hill orcs
  3 rothes
  2 monkeys
  2 iguanas
  a gas spore
  2 manes
  4 cave spiders
  2 red molds
  a gecko
  5 jackals
  2 foxes
  4 kobolds
  a sewer rat
  2 bats
  a lichen
  4 newts
54 creatures vanquished.

No species were genocided or became extinct.

Game over:
                       ----------
                      /          \
                     /    REST    \
                    /      IN      \
                   /     PEACE      \
                  /                  \
                  |    IanCurtis     |
                  |     1683 Au      |
                  |   killed by a    |
                  |   giant beetle   |
                  |                  |
                  |                  |
                  |       2026       |
                 *|     *  *  *      | *
        _________)/\\_//(\/(/\)/\//\/|_)_______

Goodbye IanCurtis the Wizard...

You died in The Dungeons of Doom on dungeon level 7 with 2989 points,
and 1683 pieces of gold, after 3321 moves.
You were level 5 with a maximum of 36 hit points when you died.

